 Dungeon Sprint DCSS version 0.21-a0-221-gfe971b9 (webtiles) character file.

140 Kidiri the Slasher (level 5, -14/64 HPs)
             Began as a Demonspawn Chaos Knight on Aug 25, 2017.
             Demolished by a gargoyle
             ... wielding a +0 morningstar
              (21 damage)
             ... in the Dungeon (Sprint IX: "|||||||||||||||||||||||||||||").
             The game lasted 00:01:56 (136 turns).

Kidiri the Slasher (Demonspawn Chaos Knight)         Turns: 136, Time: 00:01:56

Health: -14/64     AC: 15    Str: 18    XL:     5   Next: 2%
Magic:  0/5        EV:  9    Int: 16    God:    Xom [*.....]
Gold:   0          SH:  0    Dex: 13    Spells: 4/4 levels left

rFire    . . .     SeeInvis .   a - +0 falchion (chaos)
rCold    . . .     Gourm    .   (no shield)
rNeg     . . .     Faith    .   o - +1 chain mail
rPois    .         Spirit   +   (no helmet)
rElec    .         Reflect  .   (no cloak)
rCorr    .         Harm     .   n - +0 pair of gloves
MR       .....     NoTele   +   (no boots)
Stlth    ..........             (no amulet)
HPRegen  0.20/turn              p - +3 ring of intelligence
MPRegen  0.09/turn              q - +2 ring of protection

@: berserking (expiring), lethally poisoned (-14 -> -15), very quick
A: molten scales 1, magic shield
a: Renounce Religion


You were in the Dungeon.
You worshipped Xom.
You were a special plaything of Xom.
You were not hungry.

You visited 1 branch

Inventory:

Hand Weapons
 a - a +0 falchion of chaos (weapon)
Armour
 b - a +2 leather armour
 n - a +0 pair of gloves (worn)
 o - a +1 chain mail (worn)
Jewellery
 p - a +3 ring of intelligence (left hand)
 q - a +2 ring of protection (right hand)
Wands
 m - a wand of iceblast (7/15)
Scrolls
 i - 2 scrolls of blinking
 k - 3 scrolls of remove curse
 l - 2 scrolls of amnesia
Potions
 d - a potion of invisibility
 e - 2 potions of heal wounds
 f - a potion of haste
 g - 4 potions of magic
 h - 4 potions of curing
Comestibles
 c - a bread ration
 j - 3 chunks of flesh


   Skills:
 + Level 4.8 Fighting
 * Level 5.6 Long Blades
 + Level 3.1 Throwing
 + Level 3.7 Armour
 * Level 4.7 Dodging


You had 4 spell levels left.
You didn't know any spells.

Dungeon Overview and Level Annotations

Branches:
Dungeon (1/1)

Altars:
Cheibriados
Dithmenos
Elyvilon
Fedhas
Gozag
Hepliaklqana
Kikubaaqudgha
Makhleb
Nemelex Xobeh
Okawaru
Qazlal
Ru
Sif Muna
Trog
Uskayaw
Vehumet
Wu Jian
Xom
Yredelemnul
Zin
The Shining One
Beogh
Jiyva
Lugonu


Innate Abilities, Weirdness & Mutations

You are partially covered in molten scales. (AC +2)
When hurt, damage is shared between your health and your magic reserves.


Message History

The gargoyle barely misses you.
You hit the gargoyle but do no damage.
The gargoyle is lightly damaged.
The gargoyle closely misses you.
You barely miss the gargoyle.
You feel sick.
You hit the gargoyle but do no damage.
The gargoyle hurls a stone arrow at you.
The stone arrow hits you!
The crimson imp blinks!
You hit the gargoyle. You burn the gargoyle.
The gargoyle is lightly damaged.
You slash the gargoyle! You freeze the gargoyle.
The gargoyle is severely damaged.
The gargoyle hurls a stone arrow at you.
The stone arrow hits you!
* * * LOW HITPOINT WARNING * * *
You barely miss the gargoyle.
The gargoyle is severely damaged.
The gargoyle hits you with a morningstar!!
You die...
Xom giggles madly! ▓▓▓▓▓▓▓▓▓▓▓▓▓▓▓▓▓▓▓▓▓▓▓▓ ..5oS{9@..[.)|..'_______ ▓▓▓▓▓▓▓▓▓▓▓▓▓▓▓▓▓▓▓▓▓▓▓▓

You could see a water moccasin, a gargoyle, a crimson imp and an orc.

Vanquished Creatures
  2 scorpions (D)
  A worker ant (D)
  An adder (D)
  A bat skeleton (D)
  A ball python zombie (D)
  4 bats (D)
  A kobold (D)
11 creatures vanquished.

Notes
Turn   | Place    | Note
-------+----------+-------------------------------------------
     0 | D        | Kidiri the Demonspawn Chaos Knight began the quest for the Orb.
     0 | D        | Reached XP level 1. HP: 18/18 MP: 1/1
     4 | D        | Reached skill level 1 in Dodging
     9 | D        | Reached skill level 3 in Long Blades
    22 | D        | Noticed a worker ant
    22 | D        | Noticed a scorpion
    22 | D        | Noticed a scorpion
    30 | D        | Killed a scorpion
    30 | D        | Reached skill level 4 in Long Blades
    30 | D        | Gained mutation: You are partially covered in molten scales. (AC +2) [demonic ancestry]
    30 | D        | Reached XP level 2. HP: 25/25 MP: 2/2
    30 | D        | Gained mutation: When hurt, damage is shared between your health and your magic reserves. [demonic ancestry]
    30 | D        | Reached XP level 3. HP: 30/30 MP: 3/3
    39 | D        | Killed a scorpion
    39 | D        | Reached skill level 5 in Long Blades
    39 | D        | Reached XP level 4. HP: 38/38 MP: 4/4
    53 | D        | Found a roughly hewn altar of Beogh.
    53 | D        | Found a snail-covered altar of Cheibriados.
    53 | D        | Found a shadowy altar of Dithmenos.
    53 | D        | Found a white marble altar of Elyvilon.
    53 | D        | Found a blossoming altar of Fedhas.
    53 | D        | Found an opulent altar of Gozag.
    54 | D        | Found a hazy altar of Hepliaklqana.
    55 | D        | Found a viscous altar of Jiyva.
    56 | D        | Found an ancient bone altar of Kikubaaqudgha.
    57 | D        | Found a corrupted altar of Lugonu.
    58 | D        | Found a burning altar of Makhleb.
    59 | D        | Found a sparkling altar of Nemelex Xobeh.
    60 | D        | Found an iron altar of Okawaru.
    61 | D        | Found a stormy altar of Qazlal.
    62 | D        | Found a sacrificial altar of Ru.
    63 | D        | Found a deep blue altar of Sif Muna.
    64 | D        | Found a bloodstained altar of Trog.
    65 | D        | Found a hide-covered altar of Uskayaw.
    66 | D        | Found a radiant altar of Vehumet.
    67 | D        | Found an ornate altar of the Wu Jian Council.
    68 | D        | Found a shimmering altar of Xom.
    69 | D        | Found a basalt altar of Yredelemnul.
    70 | D        | Found a glowing silver altar of Zin.
    71 | D        | Found a glowing golden altar of the Shining One.
    90 | D        | XOM: harmless Ice miscast
   114 | D        | Noticed a water moccasin
   114 | D        | Noticed a gargoyle
   126 | D        | Reached XP level 5. HP: 35/43 MP: 5/5
   127 | D        | XOM: potion effect (berserk rage)
   136 | D        | Demolished by a gargoyle

Vault maps used:
D:        linesprint

Skill      XL: |  1  2  3  4 |
---------------+-------------+-----
Dodging        | 3 4 |  4.7
Long Blades    | 4 5 |  5.6
Armour         | 2 3 |  3.7
Fighting       | 4 |  4.8
Throwing       | 2 3 |  3.1

Action                   |  1- 3 |  4- 6 || total
-------------------------+-------+-------++-------
Melee: Falchion          |    21 |    26 ||    47
  Use: Potion            |     3 |       ||     3
Armor: Leather armour    |     6 |       ||     6
       Chain mail        |       |    10 ||    10
Dodge: Dodged            |    13 |     7 ||    20
       Rpst.: Falchion   |     4 |       ||     4

Table legend:
 A = Spawn XP
 B = Non-spawn XP
 C = Spawn XP percentage of total XP
 D = Spawn monster count
 E = Non-spawn monster count
 F = Spawn count percentage of total count
 G = Total turns spent on level
                    A         B        C        D         E        F      G
               +---------+---------+-------+---------+---------+-------+---------
         Total |       0 |     200 |   0.0 |       0 |      11 |   0.0 |   136
               +---------+---------+-------+---------+---------+-------+---------
             D |       0 |     200 |   0.0 |       0 |      11 |   0.0 |   136
               +---------+---------+-------+---------+---------+-------+---------
